 Dungeon Crawl Stone Soup version 0.24-a0-458-gfcb5e6da0e (webtiles) character file.

Game seed: 622372708601582842

170 Mrkan the Chucker (level 5, -6/48 HPs)
             Began as a Troll Hunter on June 26, 2019.
             Killed by divine providence
             ... invoked by an orc priest
              (11 damage)
             ... on level 4 of the Dungeon.
             The game lasted 00:04:31 (2192 turns).

Mrkan the Chucker (Troll Hunter)                    Turns: 2192, Time: 00:04:31

Health: -6/48      AC:  6    Str: 20    XL:     5   Next: 26%
Magic:  4/4        EV:  7    Int:  8    God:
Gold:   148        SH:  7    Dex: 10    Spells: 4/4 levels left

rFire    . . .     SeeInvis .   (no weapon)
rCold    . . .     Gourm    +   k - +0 shield
rNeg     . . .     Faith    .   b - +0 robe
rPois    .         Spirit   .   (helmet restricted)
rElec    .         Reflect  .   (no cloak)
rCorr    .         Harm     .   (gloves unavailable)
MR       .....                  (boots unavailable)
Stlth    +.........             (no amulet)
HPRegen  0.56/turn              (no ring)
MPRegen  0.09/turn              (no ring)

@: no status effects
A: large, unfitting armour, claws 3, fast metabolism 3, gourmand, regeneration
1, shaggy fur 1, tough skin 3
a: no special abilities


You were on level 4 of the Dungeon.
You were completely stuffed.

You visited 1 branch of the dungeon, and saw 4 of its levels.

You collected 148 gold pieces.

Inventory:

Hand Weapons
 r - a +0 fustibalus
Missiles
 c - 5 large rocks (quivered)
 d - 2 throwing nets
 h - 142 stones
 l - 7 curare-tipped darts
Armour
 b - a +0 robe (worn)
 k - a +0 shield (worn)
Jewellery
 q - an uncursed ring of resist corrosion {unknown}
Scrolls
 e - a scroll of magic mapping {unknown}
 i - 2 scrolls of blinking {unknown}
 m - 2 scrolls of remove curse {unknown}
 n - a scroll of enchant weapon {unknown}
 p - a scroll of fog {unknown}
Potions
 a - a potion of flight {unknown}
 g - a potion of mutation {unknown}
 j - 2 potions of curing
Comestibles
 f - 8 rations
 o - a chunk of flesh


   Skills:
 - Level 1.5 Fighting
 * Level 6.0 Throwing
 - Level 1.5 Dodging
 - Level 0.3 Stealth


You had 4 spell levels left.
You didn't know any spells.
Your spell library was empty.

Dungeon Overview and Level Annotations

Branches:
Dungeon (4/15)
 Temple: D:4-7

Altars:
Okawaru


Innate Abilities, Weirdness & Mutations

You are too large for most types of armour.
You have claws for hands.
Your metabolism is lightning-fast.
You like to eat raw meat.
Your natural rate of healing is unusually fast.
You are covered in fur. (AC +1)
You have extremely tough skin. (AC +3)


Message History

The orc priest mumbles some strange prayers to Beogh against you.
Beogh smites you! The orc priest hits you.
You claw the orc!
You kill the orc!
The centaur skeleton barely misses you. The orc priest barely misses you.
You scratch the orc priest but do no damage.
The orc priest is moderately wounded.
You block the centaur skeleton's attack.
The orc priest completely misses you.
You claw the orc priest!
The orc priest is almost dead.
The centaur skeleton hits you but does no damage.
The orc priest calls down the wrath of Beogh upon you.
Beogh smites you!
* * * LOW HITPOINT WARNING * * *
You block the centaur skeleton's attack.
The centaur skeleton hits you but does no damage.
The orc priest invokes the aid of Beogh against you.
Beogh smites you!
You die...

....>#.
.......
#..... ###
. #....
..#
..#.... ..
....... .#
.......#.#
.....oo@#
....##Z##
. #. ..
... ....
..#..
#.>#..


You could see 2 orc priests and a centaur skeleton.

Vanquished Creatures
  5 adders
  4 gnolls (D:2)
  An ooze (D:3)
  A worm (D:2)
  A dart slug (D:3)
  4 leopard geckos
  4 orcs
  2 giant cockroaches
  9 goblins
  9 hobgoblins
  9 jackals
  2 bats (D:2)
  8 frilled lizards
  A jackal skeleton (D:3)
  8 kobolds
  3 rats
71 creatures vanquished.

Notes
Turn   | Place    | Note
-------+----------+-------------------------------------------
     0 | D:1      | Mrkan the Troll Hunter began the quest for the Orb.
     0 | D:1      | Reached XP level 1. HP: 19/19 MP: 0/0
   113 | D:1      | Reached skill level 4 in Throwing
   128 | D:1      | Reached XP level 2. HP: 27/27 MP: 1/1
   812 | D:2      | Found an iron altar of Okawaru.
   892 | D:2      | Reached XP level 3. HP: 24/33 MP: 2/2
   991 | D:2      | Reached skill level 5 in Throwing
  1001 | D:2      | Reached XP level 4. HP: 15/41 MP: 3/3
  1283 | D:2      | HP: 2/41 [poisoned by an adder]
  1863 | D:3      | Reached XP level 5. HP: 44/48 MP: 4/4
  2053 | D:3      | Reached skill level 6 in Throwing
  2192 | D:4      | Killed from afar by an orc priest

Levels and vault maps discovered:
D:1:      dpeg_arrival_lava_altar, layout_loops_ring
D:2:      layout_basic, okawaru_metal_pillars_1_2
D:3:      layout_rooms
D:4:      layout_cave_pools, gup_sewer_entry_bowl, serial_glass,
          glass_columns_a, glass_columns_b, minivault_27

Skill      XL: |  1  2  3  4  5 |
---------------+----------------+-----
Throwing       | 4 5 6 |  6.0
Fighting       | |  1.5
Dodging        | |  1.5
Stealth        | |  0.3

Action                   |  1- 3 |  4- 6 || total
-------------------------+-------+-------++-------
Melee: Short sword       |    32 |       ||    32
       Unarmed           |    86 |   168 ||   254
Throw: Large rock        |       |     4 ||     4
  Use: Potion            |       |     1 ||     1
  Eat: Chunk             |    13 |    13 ||    26
Armor: Robe              |    54 |    73 ||   127
Dodge: Dodged            |    52 |    40 ||    92
Block: Shield            |    15 |    61 ||    76

Table legend:
 A = Non-vault XP
 B = Vault XP
 C = Vault XP percentage of total XP
 D = Non-vault monster count
 E = Vault monster count
 F = Vault count percentage of total count
                 A         B        C        D         E       F
            +---------+---------+-------+---------+---------+-------
      Total |     244 |       0 |   0.0 |      71 |       0 |   0.0
            +---------+---------+-------+---------+---------+-------
        D:1 |      36 |       0 |   0.0 |      20 |       0 |   0.0
        D:2 |     130 |       0 |   0.0 |      31 |       0 |   0.0
        D:3 |      75 |       0 |   0.0 |      19 |       0 |   0.0
        D:4 |       3 |       0 |   0.0 |       1 |       0 |   0.0
            +---------+---------+-------+---------+---------+-------
